 Dungeon Crawl Stone Soup version 0.15.2 (webtiles) character file.

84 PolkaDot the Caller (level 4, 0/30 HPs)
             Began as a Vampire Summoner on Nov 17, 2014.
             Was an Initiate of Qazlal.
             Succumbed to a worker ant's poison
             ... on Level 3 of the Dungeon.
             The game lasted 00:07:03 (2421 turns).

PolkaDot the Caller (Vampire Summoner)              Turns: 2421, Time: 00:07:03

HP   0/30        AC  2     Str  7      XL: 4   Next: 24%
MP   5/8         EV 13     Int 22      God: Qazlal [......]
Gold 90          SH  0     Dex 16      Spells:  3 memorised,  2 levels left

rFire  . . .     SeeInvis +     e - +0 spear
rCold  . . .     Clarity  .     a - +0 robe
rNeg   . . .     rCorr    .     (no shield)
rPois  .         rRot     .     (no helmet)
rElec  .         Spirit   .     (no cloak)
SustAb .         Warding  .     (no gloves)
rMut   .         Stasis   .     (no boots)
Gourm  .                        (no amulet)
MR     .....                    p - +1 ring of intelligence
                                g - +3 ring of intelligence

@: lethally poisoned, regenerating quickly, not resistant to hostile
enchantments, fairly stealthy
A: fangs 3, thin skeletal structure 1, see invisible, unbreathing
a: Renounce Religion


You were on level 3 of the Dungeon.
You worshipped Qazlal.
Qazlal was noncommittal.
You were very full.

You visited 1 branch of the dungeon, and saw 3 of its levels.

You collected 90 gold pieces.

Inventory:

Hand weapons
 e - a +0 spear (weapon)
Armour
 a - a +0 robe (worn)
Scrolls
 d - a scroll of magic mapping
 j - a scroll of random uselessness {unknown}
 l - a scroll of fear {unknown}
 n - a scroll of enchant weapon {unknown}
 o - a scroll of recharging {unknown}
Jewellery
 g - a +3 ring of intelligence (left hand)
 k - an uncursed ring of flight
 p - a +1 ring of intelligence (right hand)
Potions
 f - a potion of degeneration {!q}
Books
 b - a book of Callings

   Spells                             Type                      Level
   *Summon Small Mammal               Summoning                    1
   *Call Imp                          Summoning                    2
   *Call Canine Familiar              Summoning                    3
   Summon Guardian Golem              Hexes/Summoning              4
   Summon Lightning Spire             Summoning/Air                4
   Summon Ice Beast                   Ice/Summoning                4
 c - a book of Clouds

   Spells                             Type                      Level
   Mephitic Cloud                     Conjuration/Poison/Air       3
   Conjure Flame                      Conjuration/Fire             3
   Poisonous Cloud                    Conjuration/Poison/Air       6
   Freezing Cloud                     Conjuration/Ice/Air          6
   Ring of Flames                     Charms/Fire                  7


   Skills:
 - Level 2.1 Dodging
 - Level 3.0 Stealth
 + Level 2.7 Spellcasting
 * Level 5.3 Summonings


You had 2 spell levels left.
You knew the following spells:

 Your Spells              Type           Power        Failure   Level  Hunger
a - Summon Small Mammal   Summ           ####         1%          1    None
d - Call Canine Familiar  Summ           ####....     4%          3    ###....
s - Call Imp              Summ           ####....     1%          2    ##.....


Dungeon Overview and Level Annotations

Branches:
Dungeon (3/15)

Altars:
Fedhas
Kikubaaqudgha
Qazlal
Xom
Zin


Innate Abilities, Weirdness & Mutations

Your natural rate of healing is unusually fast.
You have razor-sharp teeth.
You have supernaturally acute eyesight.
You can survive without breathing.
You have a somewhat thin skeletal structure (Dex +2, Stealth).


Message History

* * * LOW HITPOINT WARNING * * *
You feel sick.
Your hound bites the worker ant.
The worker ant bites you but does no damage.
Drink which item? (? for menu, Esc to quit)
Your bones become slightly less dense.
You feel fantastic!
It was a potion of beneficial mutation.
* * * LOW HITPOINT WARNING * * *
You feel sick.
Your hound bites the worker ant.
The worker ant closely misses your hound.
Your hound closely misses the worker ant.
* * * LOW HITPOINT WARNING * * *
You feel sick.
Your hound bites the worker ant.
The worker ant bites your hound.
Your hound dies!
Your hound's corpse disappears in a puff of smoke!
* * * LOW HITPOINT WARNING * * *
You feel sick.
Casting: Call Canine Familiar
Confirm with . or Enter, or press ? or * to list all spells.
You die...

###.........#.#
...>........#.#
#####...#...#.#
#####.[.#,#.#.#
...#PP.##,*,#.#
####P_.#*,*,#.#
..##PP.#*,,,#.#
..###########.###########**
..# #.#.......a.@.h......,*
#####.#######.###########,*
#,,,....#.......# *,*
#,###.#.....#.#.# *,*
#.#...#.....#.#.# *,*
#...........#.#.## *,*
#...........(%...#* *,*
#............)....# *,*
#.###+#%)..#####..# *,*


You could see a worker ant and a friendly hound.

Vanquished Creatures
  3 worms
  A giant gecko (D:2)
  An ooze (D:1)
  2 orcs (D:3)
  3 bats
  2 giant cockroaches
  6 hobgoblins
  4 jackals
  4 kobolds
  2 quokkas
  3 giant newts
  6 goblins
  2 rats (D:1)
39 creatures vanquished.

Vanquished Creatures (collateral kills)
  An adder (D:3)
  3 worms
  An orc (D:3)
  2 giant cockroaches
  A hobgoblin (D:1)
  2 jackals (D:3)
  2 kobolds
  A giant newt (D:3)
  A goblin (D:3)
14 creatures vanquished.

Vanquished Creatures (others)
  A hound (D:3)
1 creature vanquished.

Grand Total: 54 creatures vanquished

Notes
Turn   | Place    | Note
--------------------------------------------------------------
     0 | D:1      | PolkaDot, the Vampire Summoner, began the quest for the Orb.
     0 | D:1      | Reached XP level 1. HP: 13/13 MP: 3/3
   360 | D:1      | Reached XP level 2. HP: 19/19 MP: 4/4
   364 | D:1      | Learned a level 2 spell: Call Imp
  1230 | D:2      | Reached XP level 3. HP: 21/24 MP: 6/6
  1238 | D:2      | Learned a level 3 spell: Call Canine Familiar
  1294 | D:2      | Reached skill level 5 in Summonings
  1530 | D:2      | Found a stormy altar of Qazlal.
  1614 | D:2      | Became a worshipper of Qazlal Stormbringer
  2289 | D:3      | Reached XP level 4. HP: 30/30 MP: 8/8
  2294 | D:3      | Found an ancient bone altar of Kikubaaqudgha.
  2294 | D:3      | Found a blossoming altar of Fedhas.
  2362 | D:3      | Found a glowing silver altar of Zin.
  2362 | D:3      | Noticed an angel
  2388 | D:3      | Found a shimmering altar of Xom.
  2418 | D:3      | Gained mutation: You have a somewhat thin skeletal structure (Dex +2, Stealth). [potion of beneficial mutation]
  2420 | D:3      | HP: 1/30 [poisoned by a worker ant]
  2421 | D:3      | Succumbed to a worker ant's poison

Action                   |  1- 3 |  4- 6 || total
-------------------------+-------+-------++-------
Melee: Spear             |    60 |    33 ||    93
       Unarmed           |    11 |       ||    11
       Dagger            |   113 |       ||   113
 Cast: Summon Small Mamm |     7 |       ||     7
       Call Imp          |     5 |       ||     5
       Call Canine Famil |     4 |     2 ||     6
  Use: Potion            |     1 |     1 ||     2
       Scroll            |     3 |       ||     3
 Stab: Sleeping          |     3 |     2 ||     5
       Distracted        |     1 |     1 ||     2
  Eat: Corpse            |    14 |     3 ||    17
